 Dungeon Crawl Stone Soup version 0.29.1-15-g9cfb28693d (webtiles) character file.

Game seed: 7339733040177203115

2906 Charmandara the Skirmisher (level 9, -5/78 HPs)
             Began as a Deep Elf Hunter on Apr 19, 2023.
             Was an Initiate of Gozag.
             Slain by a yak (8 damage)
             ... on level 7 of the Dungeon on Apr 20, 2023.
             The game lasted 00:14:49 (5102 turns).

Charmandara the Skirmisher (Deep Elf Hunter)        Turns: 5102, Time: 00:14:50

Health: -5/78      AC: 24    Str:  8      XL:     9   Next: 49%
Magic:  11/11      EV:  2    Int: 14 (15) God:    Gozag
Gold:   882        SH:  0    Dex: 21 (22) Spells: 5/8 levels left

rFire   . . .      SeeInvis .   a - +1 shortbow (venom)
rCold   + . .      Faith    .   (shield currently unavailable)
rNeg    . . .      Spirit   .   (body armour currently unavailable)
rPois   +          Reflect  .   (helmet currently unavailable)
rElec   .          Harm     .   (cloak currently unavailable)
rCorr   .          Rampage  .   (gloves currently unavailable)
Will    .....      NoTele   +   (boots currently unavailable)
Stlth   ++++......              (no amulet)
HPRegen 0.23/turn               f - ring of protection from cold
MPRegen 0.12/turn               (no ring)

@: tree-form
A: stationary, stasis, torment immunity, boosted hp
a: Renounce Religion, Potion Petition, Call Merchant, Bribe Branch


You were on level 7 of the Dungeon.
You worshipped Gozag.
Gozag was pleased with you.
You were a tree.
You visited 1 branch of the dungeon, and saw 7 of its levels.

You collected 938 gold pieces.
You paid 56 gold pieces to Gozag.

Inventory:

Hand Weapons
 a - a +1 shortbow of venom (weapon)
 b - a +2 falchion of freezing
 i - a +0 rapier
 m - a +0 dagger of venom
Missiles
 w - 4 curare-tipped darts
Armour
 c - a +0 leather armour (melded)
 d - a +1 cloak (melded)
 h - a +0 pair of gloves (melded)
 t - an orb of guile
 y - a +0 pair of boots (melded)
Jewellery
 f - a ring of protection from cold (left branch)
 j - a ring of fire
Wands
 q - a wand of charming (4)
 u - a wand of roots (6)
Scrolls
 k - 3 scrolls of teleportation
 l - a scroll of immolation
 r - a scroll of fog
 s - a scroll of magic mapping
 x - a scroll of poison
Potions
 e - a potion of lignification
 n - a potion of mutation
 v - 3 potions of flight


   Skills:
 + Level 4.4 Fighting
 * Level 13.6 Ranged Weapons
 + Level 6.5 Dodging
 + Level 6.7 Stealth


You had 5 spell levels left.
You knew the following spells:

 Your Spells              Type           Power      Damage    Failure   Level
a - Mephitic Cloud        Conj/Pois/Air  0%         N/A       65%         3

Your spell library contained the following spells:

 Spells                   Type           Power      Damage    Failure   Level
 Static Discharge         Conj/Air       0%         3-3/arc   41%         2
 Ignite Poison            Fire/Tmut/Pois 0%         N/A       65%         3
 Dispel Undead            Necr           0%         3d6       96%         4
 Sticky Flame             Conj/Fire      0%         2d3       96%         4
 Freezing Cloud           Conj/Ice/Air   0%         6-21      100%        5


Dungeon Overview and Level Annotations

Branches:
Dungeon (7/15)             Temple (0/1) D:4

Altars:
Ashenzari
Dithmenos
Gozag
Nemelex Xobeh
Vehumet
Wu Jian
Yredelemnul


Message History

Fire: a) +1 shortbow (venom)
Press: ? - help, Q - select action, (/) - cycle Shift-Dir - straight line, f/p - yak
Aim: a yak (moderately wounded, very poisoned, 79% to hit)
You shoot an arrow.
The arrow hits the yak but does no damage.
The yak looks as sick as possible!
The yak is moderately wounded.
The yak completely misses you.
Unknown command.
The yak attacks as you move away! The yak gores you!
* * * LOW HITPOINT WARNING * * *
The yak attacks as you move away! The yak gores you.
* * * LOW HITPOINT WARNING * * *
Fire: a) +1 shortbow (venom)
Press: ? - help, Q - select action, (/) - cycle Shift-Dir - straight line, f/p - yak
Aim: a yak (severely wounded, very poisoned, 79% to hit)
You shoot an arrow. The arrow barely misses the yak.
The yak gores you!
* * * LOW HITPOINT WARNING * * *
Unknown command.
Unknown command.
Okay, then.
Okay, then.
Really quaff the potion of lignification?
You turn into a tree.
Your +1 cloak melds into your body.
Your +0 pair of gloves melds into your body.
Your +0 pair of boots melds into your body.
Your +0 leather armour melds into your body.
Your roots penetrate the ground.
The yak gores you but does no damage.
Unknown command.
Unknown command.
Unknown command.
Fire: a) +1 shortbow (venom)
Press: ? - help, Q - select action, (/) - cycle Shift-Dir - straight line, f/p - yak
Aim: a yak (severely wounded, very poisoned, 79% to hit)
You shoot an arrow. The arrow hits the yak.
The yak is almost dead.
The yak gores you!
You die...
Your body crumbles into a pile of gold.

...............<...#............
#####...........#####..........)
....#.#.........###...........##
....###..........#...).........#
#...# #.........................
##..####......###....<.)......#.
##..#........####............##
###.#.........................#
# #.#.####..###Y♣...............
# #.#$# ##.#####........#..#...
###.#$## ##....##........#.....
....#..# #................#....
....#..###...##..........##....
....#.$.....## .........
....#.$..#..# .......
###$#...###..# ....... #.W.#...#
#.## .


You could see a yak (very poisoned).

Vanquished Creatures
  Sigmund (D:2)
  3 yaks (D:7)
  Eustachio (D:5)
  2 steam dragons
  Menkaure (D:5)
  An ice beast (D:7)
  2 ogres (D:6)
  A centaur (D:7)
  3 phantoms
  A bullfrog (D:4)
  3 necrophages
  2 scorpions
  2 howler monkeys
  5 hounds
  2 jellies (D:6)
  3 orc wizards
  2 iguanas (D:5)
  3 gnolls (D:5)
  8 adders
  A shadow imp (D:7)
  2 ufetubi
  2 worms (D:2)
  4 dart slugs
  10 orcs
  3 ball pythons
  6 bats
  4 endoplasms
  5 giant cockroaches
  6 goblins
  3 hobgoblins (D:4)
  7 jackals (D:1)
  7 kobolds
  2 quokkas
  5 rats
113 creatures vanquished.

Vanquished Creatures (collateral kills)
  A phantom (D:7)
  An orc priest (D:7)
  A white imp (D:7)
3 creatures vanquished.

Vanquished Creatures (others)
  2 yaks (D:7)
  An ogre (D:7)
  A bullfrog (D:7)
  A jelly (D:7)
5 creatures vanquished.

Grand Total: 121 creatures vanquished

Notes
Turn   | Place    | Note
-------+----------+-------------------------------------------
     0 | D:1      | Charmandara the Deep Elf Hunter began the quest for the
                  | Orb.
     0 | D:1      | Reached XP level 1. HP: 12/12 MP: 3/3
   258 | D:1      | Reached XP level 2. HP: 16/16 MP: 4/4
   263 | D:1      | Reached skill level 6 in Ranged Weapons
   692 | D:2      | Noticed Sigmund
   769 | D:2      | Reached XP level 3. HP: 20/20 MP: 5/5
  1032 | D:2      | Reached skill level 7 in Ranged Weapons
  1128 | D:2      | Killed Sigmund
  1129 | D:2      | Reached skill level 9 in Ranged Weapons
  1129 | D:2      | Reached XP level 4. HP: 25/25 MP: 6/6
  1129 | D:2      | Reached XP level 5. HP: 29/29 MP: 7/7
  1709 | D:3      | Found a shadowy altar of Dithmenos.
  1711 | D:3      | Found an opulent altar of Gozag.
  1724 | D:3      | Became a worshipper of Gozag Ym Sagoz the Greedy
  1882 | D:4      | Found a staircase to the Ecumenical Temple.
  1970 | D:4      | Reached XP level 6. HP: 31/34 MP: 8/8
  2165 | D:5      | Entered Level 5 of the Dungeon
  2219 | D:5      | Reached skill level 10 in Ranged Weapons
  2365 | D:4      | Found Daosusm's General Store.
  2686 | D:4      | Reached XP level 7. HP: 40/40 MP: 9/9
  2948 | D:5      | Learned a level 3 spell: Mephitic Cloud
  2980 | D:5      | Reached skill level 11 in Ranged Weapons
  3105 | D:5      | Noticed Eustachio
  3110 | D:5      | Noticed Menkaure
  3115 | D:5      | Killed Eustachio
  3123 | D:5      | Killed Menkaure
  3124 | D:5      | Reached XP level 8. HP: 22/45 MP: 10/10
  3411 | D:5      | Found an ornate altar of the Wu Jian Council.
  3771 | D:6      | Found a sparkling altar of Nemelex Xobeh.
  3807 | D:6      | Reached skill level 12 in Ranged Weapons
  3859 | D:6      | Reached skill level 5 in Dodging
  3871 | D:6      | Reached skill level 5 in Stealth
  4228 | D:6      | Found a basalt altar of Yredelemnul.
  4235 | D:6      | Found a radiant altar of Vehumet.
  4252 | D:6      | Found a broken altar of Ashenzari.
  4351 | D:7      | Reached XP level 9. HP: 41/52 MP: 11/11
  4369 | D:7      | Reached skill level 13 in Ranged Weapons
  5100 | D:7      | HP: 2/52 [yak (11)]
  5102 | D:7      | Slain by a yak

Illustrated notes

Levels and vault maps discovered:
D:1:      nzn_arrival_depleted_hourglass, layout_rooms,
          minmay_misc_feat_four_crosses
D:2:      layout_loops_ring, chequers_serial_rivers_small_3, hex_large,
          supply_closet_lemuel, uniq_sigmund
D:3:      layout_basic, chequers_temple_overflow_statue_of_worship,
          grunt_decor_fettered
D:4:      layout_gridville, minmay_temple_entry_grid, serial_shops, shop
D:5:      layout_gridville, mainiacjoe_overflow_small_starburst, uniq_eustachio,
          uniq_menkaure
D:6:      layout_rooms, minmay_overflow_temple_star_quad,
          nemelex_xobeh_ov_fountains_minmay, kennysheep_generic_room_10
D:7:      minmay_recursive_quarters, layout_cave_pools

Skill      XL: |  1  2  3  4  5  6  7  8  9 |
---------------+----------------------------+-----
Ranged Weapons | 6 9 10 11 12 13 | 13.6
Stealth        | 2 3 5 6 |  6.7
Fighting       | 2 3 4 |  4.4
Dodging        | 3 4 5 6 |  6.5

Action                   |  1- 3 |  4- 6 |  7- 9 || total
-------------------------+-------+-------+-------++-------
Melee: Falchion          |     1 |    15 |       ||    16
 Fire: Shortbow          |    77 |    84 |   212 ||   373
Evoke: Wand              |       |       |     8 ||     8
  Use: Scroll            |     2 |     9 |     2 ||    13
       Potion            |       |       |     7 ||     7
Armor: Leather armour    |     6 |    19 |    21 ||    46
       Skin              |       |       |     6 ||     6
Dodge: Dodged            |    22 |    23 |    76 ||   121
